AoeStats
← Ilum | Gordin Hood

Arabia

508553458Analyzed
1v1 RM · 10d ago on Sep 23, 2026· 16m 17s· 2 players
Game mode
Random Map
Map size
Tiny (2 player)
Population
200
Speed
Normal
Resources
Standard
Victory
Conquest
Starting age
Dark Age
Ending age
Imperial Age
RankedLock teamsTeams togetherTeam positionsShared explorationLock speedFull tech treeHidden civsTurbo modeCheats
Victory
Defeat
🇩🇪 Danes · Germany
2269
+18
🇦🇷 Varangians · Argentina
2313
-18
NOC | shiXo.#
8:29 Loom
10:48 Feudal Age
11:18 Man-at-Arms
11:46 Double-Bit Axe
11:53 Arson
Ilum | Gordin Hood
6:26 Loom
7:41 Loom
11:14 Feudal Age
15:19 Castle Age
13:56 Double-Bit Axe
16:41 Bow Saw
16:17 Town Watch
Connection lost

Rejoining the realm…

Still unreachable

The connection could not be restored.

Session expired

The server has moved on; the page needs a fresh start.